Islanders vs Devils

Created - February 28, 2024 at 21:54

Goals
1 2 3 T
Islanders 1 1 1 3
Devils 1 0 1 2
Shots
1 2 3 T
Islanders 8 16 8 32
Devils 14 4 5 23

GoalsPenalties
1st period
1. Devils , Travis Konecny 16 (Sam Reinhart 37) at 12:10 (PP)
2. Islanders , Pavel Buchnevich 18 (Matt Duchene 25) at 14:08
Shea Theodore (NYI) for Tripping (Minor) at 0:03
Neal Pionk (NYI) for Holding (Minor) at 10:24
Dougie Hamilton (NJD) for Hooking (Minor) at 18:33
Connor McDavid (NYI) for Interference (Minor) at 18:33
2nd period
3. Islanders , Chandler Stephenson 17 (Justin Holl 15, Jon Marchessault 28) at 8:44
Evgeni Malkin (NJD) for Tripping (Minor) at 17:11
3rd period
4. Devils , Mikhail Sergachev 13 (Dougie Hamilton 32, Evgeni Malkin 38) at 10:10 (PP)
5. Islanders , Chandler Stephenson 18 (Mikael Granlund 22, Jon Marchessault 29) at 16:52
Chris Kreider (NJD) for Hooking (Minor) at 0:36
Neal Pionk (NYI) for Delaying the game (Minor) at 9:43
Justin Holl (NYI) for Hooking (Minor) at 19:42
Goalie Stats
Ville Husso (NYI), 21 saves from 23 shots - (0.913), W, 29-14-3, 60:00 minutes
Andrei Vasilevskiy (NJD), 29 saves from 32 shots - (0.906), L, 21-13-7, 59:04 minutes
3 StarsOfficial
1 - Chandler Stephenson (NYI)
2 - Jon Marchessault (NYI)
3 - Travis Konecny (NJD)
Referees : Corey Syvret and Tim Mayer
Linesman : Scott Driscoll and Glen Cooke
Game Note
No Game Note
Finance
Level 1 -- Attendance: 5797 (96.62%) -- Ticket Income $649,264
Level 2 -- Attendance: 4510 (90.20%) -- Ticket Income $365,310
Level 3 -- Attendance: 2000 (100.00%) -- Ticket Income $160,000
Level 4 -- Attendance: 2865 (79.03%) -- Ticket Income $42,975
Luxury Box -- Attendance: 879 (87.90%) -- Ticket Income $171,405
Game was played at the Prudential Center.
Total Attendance: 16051 (91.07%)
Total Ticket Income: $1,388,954
Other Income: $347,238
Total Income: $1,736,192



Team Name Goals Shots Shots Attemp Shots Blocked PIM HIT PP PK FO%
Islanders 33264510130 / 2 (0%)256%
Devils 2235396222 / 4 (50%)044%

Islanders
Player Name POS G A P +/- PIM HIT SHT SB MP PP MP PP SHT PK MP PK SHT FO% FOT
Brad MarchandLW0000035019:112:1210:0000% 0
Brent BurnsD0001003125:212:0113:1300% 0
Chandler StephensonC2022003115:110:0001:29053% 17
Connor McDavidC0000203018:562:1200:00062% 26
Evgeny KuznetsovC0001030016:100:0000:0000% 0
Jake GuentzelLW0000005020:422:1200:0000% 0
Jean-Gabriel PageauC000000107:210:0003:00040% 10
Jon MarchessaultLW/RW0222021014:041:4600:00050% 2
Justin HollD0112220018:250:0001:5500% 0
Juuso ValimakiD0002011015:151:5700:0000% 0
Matt DucheneC0111003017:561:4610:00065% 20
Michael BuntingLW000000004:210:0000:0000% 1
Mikael GranlundC0112000014:220:0001:290100% 1
Neal PionkD0000410018:460:0000:4000% 0
Pavel BuchnevichLW1011003017:561:4620:00050% 2
Shayne GostisbehereD0000001018:081:5701:1600% 0
Shea TheodoreD0001211324:012:0111:5400% 0
Tanner JeannotLW000000207:210:0003:0010% 2
Devils
Player Name POS G A P +/- PIM HIT SHT SB MP PP MP PP SHT PK MP PK SHT FO% FOT
Brian DumoulinD000-1010120:060:0002:0700% 0
Chris KreiderLW000-1204018:342:0800:0000% 2
Damon SeversonD000-1031120:451:5401:5100% 0
Dominik KubalikLW000000102:200:0000:2600% 0
Dougie HamiltonD0110201119:282:3510:0000% 0
Dylan CozensC000-2000015:460:0000:47031% 13
Erik GustafssonD000-2030019:521:5401:5100% 0
Evgeni MalkinC0110201019:012:2100:00046% 24
Justin SchultzD000-2021318:470:0002:0700% 0
Mathieu JosephRW000-2010317:210:0002:220100% 1
Matt BoldyLW0000004020:072:2100:0000% 2
Michael McCarronRW000000002:410:0000:4700% 0
Mike HoffmanLW000-2024014:590:0000:0000% 0
Mikhail SergachevD1010011021:012:3510:0000% 0
Nino NiederreiterRW0000030018:352:2100:00050% 2
Sam ReinhartC011-1002020:562:0810:49056% 25
Travis KonecnyRW101-1063019:022:0810:00033% 3
Trevor LewisC000000004:390:0002:45044% 9



Play-by-Play

1st period


0:01 of 1st period - Sam Reinhart wins face-off versus Connor McDavid in neutral zone.
0:03 of 1st period - Minor Penalty to Shea Theodore for Tripping.
0:04 of 1st period - Jean-Gabriel Pageau wins face-off versus Sam Reinhart in Islanders zone.
0:04 of 1st period - Jean-Gabriel Pageau is hit by Travis Konecny.
0:24 of 1st period - Shot by Dougie Hamilton.
0:24 of 1st period - Shot Misses the Net.
0:45 of 1st period - Brent Burns is hit by Travis Konecny.
0:49 of 1st period - Shot by Brent Burns.
0:49 of 1st period - Shot Misses the Net.
0:51 of 1st period - Shot by Tanner Jeannot.
0:51 of 1st period - Stopped by Andrei Vasilevskiy without a rebound.
0:52 of 1st period - Chandler Stephenson wins face-off versus Evgeni Malkin in Devils zone.
0:52 of 1st period - Shayne Gostisbehere is hit by Damon Severson and loses puck.
2:48 of 1st period - Off-side.
2:49 of 1st period - Trevor Lewis wins face-off versus Matt Duchene in neutral zone.
2:56 of 1st period - Shot by Dominik Kubalik.
2:56 of 1st period - Stopped by Ville Husso with a rebound.
2:58 of 1st period - Shot by Michael McCarron.
2:58 of 1st period - Deflect By Dominik Kubalik.
2:58 of 1st period - Shot Misses the Net.
3:00 of 1st period - Shot by Dougie Hamilton.
3:00 of 1st period - Shot Blocked by Shea Theodore.
3:02 of 1st period - Shot by Mikhail Sergachev.
3:02 of 1st period - Shot Blocked by Shea Theodore.
3:04 of 1st period - Shot by Dominik Kubalik.
3:04 of 1st period - Deflect By Trevor Lewis.
3:04 of 1st period - Shot Misses the Net.
3:06 of 1st period - Shot by Trevor Lewis.
3:06 of 1st period - Shot Misses the Net.
3:54 of 1st period - Shot by Mikael Granlund.
3:54 of 1st period - Shot Misses the Net.
4:05 of 1st period - Mikael Granlund is hit by Justin Schultz and loses puck.
4:23 of 1st period - Icing by Erik Gustafsson.
4:24 of 1st period - Evgeni Malkin wins face-off versus Connor McDavid in Devils zone.
4:26 of 1st period - Icing by Justin Schultz.
4:27 of 1st period - Evgeni Malkin wins face-off versus Connor McDavid in Devils zone.
4:40 of 1st period - Shot by Matt Boldy.
4:40 of 1st period - Stopped by Ville Husso without a rebound.
4:41 of 1st period - Jean-Gabriel Pageau wins face-off versus Sam Reinhart in Islanders zone.
4:55 of 1st period - Shot by Sam Reinhart.
4:55 of 1st period - Shot Misses the Net.
5:07 of 1st period - Off-side.
5:08 of 1st period - Connor McDavid wins face-off versus Dylan Cozens in neutral zone.
5:11 of 1st period - Shot by Brad Marchand.
5:11 of 1st period - Shot Misses the Net.
5:29 of 1st period - Shot by Connor McDavid.
5:29 of 1st period - Deflect By Brad Marchand.
5:29 of 1st period - Stopped by Andrei Vasilevskiy with a rebound.
6:13 of 1st period - Shot by Chris Kreider.
6:13 of 1st period - Stopped by Ville Husso with a rebound.
6:15 of 1st period - Shot by Chris Kreider.
6:15 of 1st period - Stopped by Ville Husso with a rebound.
6:17 of 1st period - Shot by Chris Kreider.
6:17 of 1st period - Shot Misses the Net.
6:19 of 1st period - Shot by Brian Dumoulin.
6:19 of 1st period - Shot Misses the Net.
6:21 of 1st period - Shot by Damon Severson.
6:21 of 1st period - Shot Misses the Net.
7:09 of 1st period - Shot by Matt Boldy.
7:09 of 1st period - Stopped by Ville Husso with a rebound.
7:17 of 1st period - Shot by Matt Boldy.
7:17 of 1st period - Deflect By Evgeni Malkin.
7:17 of 1st period - Shot Misses the Net.
7:29 of 1st period - Shot by Evgeni Malkin.
7:29 of 1st period - Deflect By Matt Boldy.
7:29 of 1st period - Shot Misses the Net.
7:31 of 1st period - Shot by Matt Boldy.
7:31 of 1st period - Stopped by Ville Husso without a rebound.
7:32 of 1st period - Chandler Stephenson wins face-off versus Dylan Cozens in Islanders zone.
7:53 of 1st period - Shot by Mike Hoffman.
7:53 of 1st period - Shot Misses the Net.
8:07 of 1st period - Shot by Mikael Granlund.
8:07 of 1st period - Shot Misses the Net.
8:17 of 1st period - Shot by Dylan Cozens.
8:17 of 1st period - Shot Misses the Net.
8:52 of 1st period - Sam Reinhart is hit by Juuso Valimaki and loses puck.
9:07 of 1st period - Shot by Chris Kreider.
9:07 of 1st period - Stopped by Ville Husso without a rebound.
9:08 of 1st period - Matt Duchene wins face-off versus Evgeni Malkin in Islanders zone.
9:31 of 1st period - Shot by Matt Boldy.
9:31 of 1st period - Shot Misses the Net.
10:24 of 1st period - Minor Penalty to Neal Pionk for Holding.
10:25 of 1st period - Sam Reinhart wins face-off versus Jean-Gabriel Pageau in Islanders zone.
10:54 of 1st period - Shot by Sam Reinhart.
10:54 of 1st period - Stopped by Ville Husso without a rebound.
10:55 of 1st period - Nino Niederreiter wins face-off versus Tanner Jeannot in Islanders zone.
10:58 of 1st period - Shot by Evgeni Malkin.
10:58 of 1st period - Shot Misses the Net.
11:17 of 1st period - Shot by Matt Boldy.
11:17 of 1st period - Deflect By Evgeni Malkin.
11:17 of 1st period - Shot Misses the Net.
11:52 of 1st period - Icing by Mikhail Sergachev.
11:53 of 1st period - Sam Reinhart wins face-off versus Jean-Gabriel Pageau in Devils zone.
12:06 of 1st period - Shot by Dougie Hamilton.
12:06 of 1st period - Shot Misses the Net.
12:08 of 1st period - Shot by Dougie Hamilton.
12:08 of 1st period - Stopped by Ville Husso without a rebound.
12:09 of 1st period - Sam Reinhart wins face-off versus Jean-Gabriel Pageau in Islanders zone.
12:10 of 1st period - Shot by Travis Konecny.
12:10 of 1st period - Goal by Travis Konecny - Islanders : 0 - Devils : 1.
12:11 of 1st period - Connor McDavid wins face-off versus Chris Kreider in neutral zone.
12:14 of 1st period - Shot by Jake Guentzel.
12:14 of 1st period - Stopped by Andrei Vasilevskiy without a rebound.
12:15 of 1st period - Sam Reinhart wins face-off versus Connor McDavid in Devils zone.
12:41 of 1st period - Brent Burns is hit by Travis Konecny and loses puck.
12:58 of 1st period - Shot by Chris Kreider.
12:58 of 1st period - Stopped by Ville Husso without a rebound.
12:59 of 1st period - Evgeni Malkin wins face-off versus Matt Duchene in Islanders zone.
13:20 of 1st period - Shot by Evgeni Malkin.
13:20 of 1st period - Stopped by Ville Husso without a rebound.
13:21 of 1st period - Dylan Cozens wins face-off versus Tanner Jeannot in Islanders zone.
13:58 of 1st period - Shot by Jean-Gabriel Pageau.
13:58 of 1st period - Shot Blocked by Mathieu Joseph.
14:04 of 1st period - Shot by Jean-Gabriel Pageau.
14:04 of 1st period - Stopped by Andrei Vasilevskiy without a rebound.
14:05 of 1st period - Matt Duchene wins face-off versus Chris Kreider in Devils zone.
14:08 of 1st period - Shot by Pavel Buchnevich.
14:08 of 1st period - Goal by Pavel Buchnevich - Islanders : 1 - Devils : 1.
14:09 of 1st period - Sam Reinhart wins face-off versus Matt Duchene in neutral zone.
14:31 of 1st period - Shot by Travis Konecny.
14:31 of 1st period - Shot Blocked by Brent Burns.
14:47 of 1st period - Shot by Travis Konecny.
14:47 of 1st period - Stopped by Ville Husso without a rebound.
14:48 of 1st period - Connor McDavid wins face-off versus Matt Boldy in Islanders zone.
14:48 of 1st period - Connor McDavid is hit by Nino Niederreiter.
15:04 of 1st period - Shot by Evgeni Malkin.
15:04 of 1st period - Shot Misses the Net.
15:06 of 1st period - Shot by Damon Severson.
15:06 of 1st period - Stopped by Ville Husso without a rebound.
15:07 of 1st period - Chandler Stephenson wins face-off versus Dylan Cozens in Islanders zone.
15:18 of 1st period - Shot by Chandler Stephenson.
15:18 of 1st period - Stopped by Andrei Vasilevskiy with a rebound.
15:36 of 1st period - Shot by Mikhail Sergachev.
15:36 of 1st period - Shot Misses the Net.
15:48 of 1st period - Shot by Dylan Cozens.
15:48 of 1st period - Shot Misses the Net.
16:54 of 1st period - Shot by Brad Marchand.
16:54 of 1st period - Stopped by Andrei Vasilevskiy with a rebound.
17:15 of 1st period - Icing by Juuso Valimaki.
17:16 of 1st period - Matt Duchene wins face-off versus Sam Reinhart in Islanders zone.
17:16 of 1st period - Matt Duchene is hit by Travis Konecny.
17:36 of 1st period - Juuso Valimaki is hit by Travis Konecny and loses puck.
18:14 of 1st period - Icing by Justin Holl.
18:15 of 1st period - Matt Duchene wins face-off versus Dylan Cozens in Islanders zone.
18:15 of 1st period - Evgeny Kuznetsov is hit by Mathieu Joseph and loses puck.
18:33 of 1st period - Minor Penalty to Dougie Hamilton for Hooking.
18:33 of 1st period - Minor Penalty to Connor McDavid for Interference.
18:34 of 1st period - Sam Reinhart wins face-off versus Chandler Stephenson in Devils zone.
19:38 of 1st period - Shot by Brad Marchand.
19:38 of 1st period - Stopped by Andrei Vasilevskiy without a rebound.
19:39 of 1st period - Mikael Granlund wins face-off versus Evgeni Malkin in Devils zone.
19:56 of 1st period - Shot by Shayne Gostisbehere.
19:56 of 1st period - Shot Blocked by Justin Schultz.
Goals for this period are 1 for Islanders vs 1 for Devils.
Shots for this period are 8 for Islanders vs 14 for Devils.

2nd period


0:01 of 2nd period - Sam Reinhart wins face-off versus Chandler Stephenson in neutral zone.
0:31 of 2nd period - Icing by Sam Reinhart.
0:32 of 2nd period - Sam Reinhart wins face-off versus Chandler Stephenson in Devils zone.
1:29 of 2nd period - Shot by Jake Guentzel.
1:29 of 2nd period - Deflect By Brad Marchand.
1:29 of 2nd period - Shot Misses the Net.
1:31 of 2nd period - Shot by Brad Marchand.
1:31 of 2nd period - Shot Blocked by Mathieu Joseph.
1:53 of 2nd period - Shot by Connor McDavid.
1:53 of 2nd period - Stopped by Andrei Vasilevskiy without a rebound.
1:54 of 2nd period - Sam Reinhart wins face-off versus Chandler Stephenson in Devils zone.
1:56 of 2nd period - Icing by Mikhail Sergachev.
1:57 of 2nd period - Chandler Stephenson wins face-off versus Sam Reinhart in Devils zone.
2:56 of 2nd period - Icing by Mikhail Sergachev.
2:57 of 2nd period - Sam Reinhart wins face-off versus Connor McDavid in Devils zone.
2:57 of 2nd period - Sam Reinhart is hit by Brad Marchand.
3:03 of 2nd period - Shot by Connor McDavid.
3:03 of 2nd period - Deflect By Brad Marchand.
3:03 of 2nd period - Stopped by Andrei Vasilevskiy without a rebound.
3:04 of 2nd period - Connor McDavid wins face-off versus Evgeni Malkin in Devils zone.
3:13 of 2nd period - Shot by Brad Marchand.
3:13 of 2nd period - Shot Misses the Net.
3:30 of 2nd period - Connor McDavid is hit by Erik Gustafsson and loses puck.
3:35 of 2nd period - Shot by Brad Marchand.
3:35 of 2nd period - Deflect By Connor McDavid.
3:35 of 2nd period - Shot Misses the Net.
3:39 of 2nd period - Shot by Brent Burns.
3:39 of 2nd period - Shot Misses the Net.
5:11 of 2nd period - Shot by Mikael Granlund.
5:11 of 2nd period - Shot Misses the Net.
5:13 of 2nd period - Shot by Juuso Valimaki.
5:13 of 2nd period - Stopped by Andrei Vasilevskiy without a rebound.
5:14 of 2nd period - Jean-Gabriel Pageau wins face-off versus Sam Reinhart in Devils zone.
5:49 of 2nd period - Shot by Michael Bunting.
5:49 of 2nd period - Shot Misses the Net.
6:04 of 2nd period - Off-side.
6:05 of 2nd period - Evgeni Malkin wins face-off versus Connor McDavid in neutral zone.
6:12 of 2nd period - Off-side.
6:13 of 2nd period - Connor McDavid wins face-off versus Matt Boldy in neutral zone.
6:18 of 2nd period - Matt Boldy is hit by Brad Marchand and loses puck.
6:24 of 2nd period - Icing by Justin Schultz.
6:25 of 2nd period - Evgeni Malkin wins face-off versus Matt Duchene in Devils zone.
6:36 of 2nd period - Shot by Evgeni Malkin.
6:36 of 2nd period - Shot Misses the Net.
6:40 of 2nd period - Shot by Justin Schultz.
6:40 of 2nd period - Stopped by Ville Husso without a rebound.
6:41 of 2nd period - Connor McDavid wins face-off versus Sam Reinhart in Islanders zone.
6:48 of 2nd period - Shot by Connor McDavid.
6:48 of 2nd period - Stopped by Andrei Vasilevskiy with a rebound.
6:51 of 2nd period - Icing by Mikhail Sergachev.
6:52 of 2nd period - Matt Duchene wins face-off versus Sam Reinhart in Devils zone.
6:55 of 2nd period - Shot by Matt Duchene.
6:55 of 2nd period - Shot Misses the Net.
7:56 of 2nd period - Icing by Evgeni Malkin.
7:57 of 2nd period - Connor McDavid wins face-off versus Evgeni Malkin in Devils zone.
8:18 of 2nd period - Shot by Connor McDavid.
8:18 of 2nd period - Deflect By Brad Marchand.
8:18 of 2nd period - Shot Blocked by Justin Schultz.
8:20 of 2nd period - Shot by Brent Burns.
8:20 of 2nd period - Stopped by Andrei Vasilevskiy with a rebound.
8:22 of 2nd period - Shot by Jake Guentzel.
8:22 of 2nd period - Stopped by Andrei Vasilevskiy without a rebound.
8:23 of 2nd period - Dylan Cozens wins face-off versus Jon Marchessault in Devils zone.
8:23 of 2nd period - Dylan Cozens is hit by Jon Marchessault.
8:29 of 2nd period - Jon Marchessault is hit by Mike Hoffman and loses puck.
8:44 of 2nd period - Shot by Chandler Stephenson.
8:44 of 2nd period - Goal by Chandler Stephenson - Islanders : 2 - Devils : 1.
8:45 of 2nd period - Sam Reinhart wins face-off versus Connor McDavid in neutral zone.
9:19 of 2nd period - Off-side.
9:20 of 2nd period - Evgeni Malkin wins face-off versus Pavel Buchnevich in neutral zone.
9:35 of 2nd period - Shot by Matt Duchene.
9:35 of 2nd period - Stopped by Andrei Vasilevskiy without a rebound.
9:36 of 2nd period - Dylan Cozens wins face-off versus Chandler Stephenson in Devils zone.
9:53 of 2nd period - Shot by Dylan Cozens.
9:53 of 2nd period - Shot Misses the Net.
9:55 of 2nd period - Shot by Mike Hoffman.
9:55 of 2nd period - Stopped by Ville Husso with a rebound.
9:58 of 2nd period - Mathieu Joseph is hit by Justin Holl and loses puck.
10:11 of 2nd period - Shot by Dylan Cozens.
10:11 of 2nd period - Deflect By Mike Hoffman.
10:11 of 2nd period - Shot Misses the Net.
10:19 of 2nd period - Shot by Mike Hoffman.
10:19 of 2nd period - Stopped by Ville Husso without a rebound.
10:20 of 2nd period - Connor McDavid wins face-off versus Evgeni Malkin in Islanders zone.
10:20 of 2nd period - Connor McDavid is hit by Nino Niederreiter.
11:19 of 2nd period - Chris Kreider is hit by Brad Marchand and loses puck.
11:23 of 2nd period - Icing by Mikhail Sergachev.
11:24 of 2nd period - Sam Reinhart wins face-off versus Matt Duchene in Devils zone.
11:37 of 2nd period - Shot by Shayne Gostisbehere.
11:37 of 2nd period - Shot Misses the Net.
11:45 of 2nd period - Shot by Pavel Buchnevich.
11:45 of 2nd period - Shot Blocked by Dougie Hamilton.
11:47 of 2nd period - Shot by Shayne Gostisbehere.
11:47 of 2nd period - Shot Misses the Net.
12:02 of 2nd period - Icing by Chris Kreider.
12:03 of 2nd period - Sam Reinhart wins face-off versus Chandler Stephenson in Devils zone.
12:35 of 2nd period - Off-side.
12:36 of 2nd period - Connor McDavid wins face-off versus Evgeni Malkin in neutral zone.
12:59 of 2nd period - Shot by Connor McDavid.
12:59 of 2nd period - Shot Misses the Net.
13:01 of 2nd period - Shot by Brad Marchand.
13:01 of 2nd period - Shot Misses the Net.
13:03 of 2nd period - Shot by Brent Burns.
13:03 of 2nd period - Stopped by Andrei Vasilevskiy without a rebound.
13:04 of 2nd period - Matt Duchene wins face-off versus Dylan Cozens in Devils zone.
13:24 of 2nd period - Pavel Buchnevich is hit by Erik Gustafsson.
13:43 of 2nd period - Pavel Buchnevich is hit by Justin Schultz and loses puck.
13:51 of 2nd period - Evgeny Kuznetsov is hit by Erik Gustafsson and loses puck.
14:25 of 2nd period - Shot by Jake Guentzel.
14:25 of 2nd period - Stopped by Andrei Vasilevskiy without a rebound.
14:26 of 2nd period - Evgeni Malkin wins face-off versus Chandler Stephenson in Devils zone.
14:41 of 2nd period - Shot by Jon Marchessault.
14:41 of 2nd period - Stopped by Andrei Vasilevskiy without a rebound.
14:42 of 2nd period - Jean-Gabriel Pageau wins face-off versus Travis Konecny in Devils zone.
14:42 of 2nd period - Jean-Gabriel Pageau is hit by Mikhail Sergachev.
14:53 of 2nd period - Off-side.
14:54 of 2nd period - Connor McDavid wins face-off versus Evgeni Malkin in neutral zone.
15:14 of 2nd period - Icing by Damon Severson.
15:15 of 2nd period - Matt Duchene wins face-off versus Evgeni Malkin in Devils zone.
16:01 of 2nd period - Justin Schultz is hit by Evgeny Kuznetsov and loses puck.
16:16 of 2nd period - Icing by Brent Burns.
16:17 of 2nd period - Matt Duchene wins face-off versus Dylan Cozens in Islanders zone.
16:22 of 2nd period - Dylan Cozens is hit by Evgeny Kuznetsov and loses puck.
16:26 of 2nd period - Mikhail Sergachev is hit by Evgeny Kuznetsov and loses puck.
16:57 of 2nd period - Mathieu Joseph is hit by Neal Pionk and loses puck.
17:03 of 2nd period - Icing by Shayne Gostisbehere.
17:04 of 2nd period - Connor McDavid wins face-off versus Sam Reinhart in Islanders zone.
17:08 of 2nd period - Icing by Neal Pionk.
17:09 of 2nd period - Connor McDavid wins face-off versus Nino Niederreiter in Islanders zone.
17:11 of 2nd period - Minor Penalty to Evgeni Malkin for Tripping.
17:12 of 2nd period - Connor McDavid wins face-off versus Trevor Lewis in Devils zone.
17:32 of 2nd period - Jake Guentzel is hit by Damon Severson and loses puck.
17:35 of 2nd period - Shot by Juuso Valimaki.
17:35 of 2nd period - Shot Blocked by Damon Severson.
17:37 of 2nd period - Shot by Brad Marchand.
17:37 of 2nd period - Shot Misses the Net.
17:39 of 2nd period - Shot by Brad Marchand.
17:39 of 2nd period - Stopped by Andrei Vasilevskiy without a rebound.
17:40 of 2nd period - Matt Duchene wins face-off versus Trevor Lewis in Devils zone.
17:43 of 2nd period - Shot by Pavel Buchnevich.
17:43 of 2nd period - Stopped by Andrei Vasilevskiy without a rebound.
17:44 of 2nd period - Matt Duchene wins face-off versus Trevor Lewis in Devils zone.
17:45 of 2nd period - Shot by Shea Theodore.
17:45 of 2nd period - Stopped by Andrei Vasilevskiy without a rebound.
17:46 of 2nd period - Trevor Lewis wins face-off versus Connor McDavid in Devils zone.
18:10 of 2nd period - Shot by Brent Burns.
18:10 of 2nd period - Stopped by Andrei Vasilevskiy with a rebound.
19:21 of 2nd period - Shot by Matt Boldy.
19:21 of 2nd period - Stopped by Ville Husso with a rebound.
19:30 of 2nd period - Icing by Neal Pionk.
19:31 of 2nd period - Travis Konecny wins face-off versus Jean-Gabriel Pageau in Islanders zone.
19:50 of 2nd period - Shot by Tanner Jeannot.
19:50 of 2nd period - Stopped by Andrei Vasilevskiy without a rebound.
19:51 of 2nd period - Evgeni Malkin wins face-off versus Matt Duchene in Devils zone.
Goals for this period are 1 for Islanders vs 0 for Devils.
Shots for this period are 16 for Islanders vs 4 for Devils.

3rd period


0:01 of 3rd period - Connor McDavid wins face-off versus Sam Reinhart in neutral zone.
0:19 of 3rd period - Shot by Travis Konecny.
0:19 of 3rd period - Shot Blocked by Shea Theodore.
0:36 of 3rd period - Minor Penalty to Chris Kreider for Hooking.
0:37 of 3rd period - Matt Duchene wins face-off versus Trevor Lewis in Devils zone.
0:38 of 3rd period - Shot by Pavel Buchnevich.
0:38 of 3rd period - Shot Hit the Post.
0:40 of 3rd period - Shot by Matt Duchene.
0:40 of 3rd period - Stopped by Andrei Vasilevskiy without a rebound.
0:41 of 3rd period - Pavel Buchnevich wins face-off versus Trevor Lewis in Devils zone.
0:41 of 3rd period - Jon Marchessault is hit by Brian Dumoulin and loses puck.
0:44 of 3rd period - Shot by Pavel Buchnevich.
0:44 of 3rd period - Stopped by Andrei Vasilevskiy without a rebound.
0:45 of 3rd period - Trevor Lewis wins face-off versus Matt Duchene in Devils zone.
1:30 of 3rd period - Shot by Shea Theodore.
1:30 of 3rd period - Shot Misses the Net.
3:16 of 3rd period - Off-side.
3:17 of 3rd period - Chandler Stephenson wins face-off versus Sam Reinhart in neutral zone.
3:46 of 3rd period - Shot by Chris Kreider.
3:46 of 3rd period - Deflect By Travis Konecny.
3:46 of 3rd period - Stopped by Ville Husso without a rebound.
3:47 of 3rd period - Connor McDavid wins face-off versus Dylan Cozens in Islanders zone.
3:47 of 3rd period - Connor McDavid is hit by Mike Hoffman.
3:55 of 3rd period - Shot by Connor McDavid.
3:55 of 3rd period - Shot Blocked by Mathieu Joseph.
3:59 of 3rd period - Shot by Connor McDavid.
3:59 of 3rd period - Stopped by Andrei Vasilevskiy without a rebound.
4:00 of 3rd period - Matt Duchene wins face-off versus Evgeni Malkin in Devils zone.
5:28 of 3rd period - Shot by Brad Marchand.
5:28 of 3rd period - Shot Blocked by Brian Dumoulin.
5:30 of 3rd period - Shot by Jake Guentzel.
5:30 of 3rd period - Stopped by Andrei Vasilevskiy without a rebound.
5:31 of 3rd period - Chandler Stephenson wins face-off versus Dylan Cozens in Devils zone.
6:09 of 3rd period - Icing by Mikael Granlund.
6:10 of 3rd period - Chandler Stephenson wins face-off versus Evgeni Malkin in Islanders zone.
7:33 of 3rd period - Shot by Sam Reinhart.
7:33 of 3rd period - Stopped by Ville Husso with a rebound.
8:23 of 3rd period - Shot by Mike Hoffman.
8:23 of 3rd period - Stopped by Ville Husso without a rebound.
8:24 of 3rd period - Trevor Lewis wins face-off versus Michael Bunting in Islanders zone.
9:43 of 3rd period - Minor Penalty to Neal Pionk for Delaying the game.
9:44 of 3rd period - Evgeni Malkin wins face-off versus Jean-Gabriel Pageau in Islanders zone.
10:10 of 3rd period - Shot by Mikhail Sergachev.
10:10 of 3rd period - Goal by Mikhail Sergachev - Islanders : 2 - Devils : 2.
10:11 of 3rd period - Dylan Cozens wins face-off versus Connor McDavid in neutral zone.
11:25 of 3rd period - Shot by Matt Duchene.
11:25 of 3rd period - Stopped by Andrei Vasilevskiy without a rebound.
11:26 of 3rd period - Chandler Stephenson wins face-off versus Evgeni Malkin in Devils zone.
12:05 of 3rd period - Shot by Damon Severson.
12:05 of 3rd period - Shot Hit the Post.
12:41 of 3rd period - Chris Kreider is hit by Shea Theodore and loses puck.
12:52 of 3rd period - Shot by Matt Duchene.
12:52 of 3rd period - Deflect By Evgeny Kuznetsov.
12:52 of 3rd period - Shot Misses the Net.
12:54 of 3rd period - Shot by Evgeny Kuznetsov.
12:54 of 3rd period - Shot Misses the Net.
13:20 of 3rd period - Off-side.
13:21 of 3rd period - Mathieu Joseph wins face-off versus Connor McDavid in neutral zone.
14:19 of 3rd period - Erik Gustafsson is hit by Jon Marchessault and loses puck.
15:01 of 3rd period - Icing by Damon Severson.
15:02 of 3rd period - Matt Duchene wins face-off versus Evgeni Malkin in Devils zone.
15:02 of 3rd period - Matt Duchene is hit by Damon Severson.
15:48 of 3rd period - Evgeny Kuznetsov is hit by Nino Niederreiter and loses puck.
16:24 of 3rd period - Shot by Connor McDavid.
16:24 of 3rd period - Shot Misses the Net.
16:26 of 3rd period - Shot by Shayne Gostisbehere.
16:26 of 3rd period - Shot Misses the Net.
16:28 of 3rd period - Shot by Shayne Gostisbehere.
16:28 of 3rd period - Stopped by Andrei Vasilevskiy without a rebound.
16:29 of 3rd period - Chandler Stephenson wins face-off versus Dylan Cozens in Devils zone.
16:48 of 3rd period - Shot by Jon Marchessault.
16:48 of 3rd period - Shot Blocked by Justin Schultz.
16:50 of 3rd period - Shot by Mikael Granlund.
16:50 of 3rd period - Shot Misses the Net.
16:52 of 3rd period - Shot by Chandler Stephenson.
16:52 of 3rd period - Goal by Chandler Stephenson - Islanders : 3 - Devils : 2.
16:53 of 3rd period - Connor McDavid wins face-off versus Travis Konecny in neutral zone.
17:38 of 3rd period - Shot by Jake Guentzel.
17:38 of 3rd period - Stopped by Andrei Vasilevskiy with a rebound.
18:20 of 3rd period - Shot by Mike Hoffman.
18:20 of 3rd period - Stopped by Ville Husso without a rebound.
18:21 of 3rd period - Evgeni Malkin wins face-off versus Chandler Stephenson in Islanders zone.
18:21 of 3rd period - Nino Niederreiter is hit by Justin Holl and loses puck.
19:04 of 3rd period - Devils, Andrei Vasilevskiy is pulled from the net.
19:13 of 3rd period - Icing by Juuso Valimaki.
19:14 of 3rd period - Jon Marchessault wins face-off versus Sam Reinhart in Islanders zone.
19:14 of 3rd period - Chandler Stephenson is hit by Travis Konecny and loses puck.
19:37 of 3rd period - Shot by Travis Konecny.
19:37 of 3rd period - Shot Misses the Net.
19:39 of 3rd period - Shot by Mikhail Sergachev.
19:39 of 3rd period - Shot Blocked by Chandler Stephenson.
19:41 of 3rd period - Shot by Sam Reinhart.
19:41 of 3rd period - Shot Misses the Net.
19:42 of 3rd period - Minor Penalty to Justin Holl for Hooking.
19:43 of 3rd period - Evgeni Malkin wins face-off versus Jean-Gabriel Pageau in Islanders zone.
Goals for this period are 1 for Islanders vs 1 for Devils.
Shots for this period are 8 for Islanders vs 5 for Devils.